APL (24 & UNDER)
EL PASO TEXANS @ NASHUA REDLEGS
07/23/2027
 
TOP OF THE 1ST
El Paso Texans batting - Pitching for Nashua Redlegs : LHP William Romero
Pitching: LHP William Romero
Batting: RHB Ken Fingers 0-0: Ball
1-0: Ball
2-0: Ball
3-0: Called Strike
3-1: SINGLE (Line Drive, 6MD)
Batting: RHB Domingo Morales 0-0: Ball
1-0: Foul Ball, location: 2F
1-1: SINGLE (Groundball, 6D)
Ken Fingers to second
Batting: LHB Guy Moss 0-0: Swinging Strike
0-1: Ground out 6-3 (Groundball, 56D)
Ken Fingers to third
Domingo Morales to second
Batting: RHB Javier Álvarez 0-0: Called Strike
0-1: Swinging Strike
0-2: Strikes out swinging
Batting: SHB Oliver Riley 0-0: Ball
1-0: SINGLE (Groundball, 56S) (infield hit)
Ken Fingers scores
Domingo Morales to third
Batting: LHB Michael Melton 0-0: Ball
1-0: Ball
2-0: Fly out, F8 (Flyball, 8LM)
Top of the 1st over - 1 run(s), 3 hit(s), 0 error(s), 2 left on base; El Paso 1 - Nashua 0
BOTTOM OF THE 1ST
Nashua Redlegs batting - Pitching for El Paso Texans : LHP Manuel Santiago
Pitching: LHP Manuel Santiago
Batting: LHB Bob Campbell 0-0: Called Strike
0-1: Foul Ball, location: 2F
0-2: Ball
1-2: Ball
2-2: Strikes out swinging passed ball, reaches first!
Batting: RHB Katsuhito Ohayashi 0-0: Ball
1-0: Swinging Strike
Passed Ball!
Bob Campbell to second
1-1: Ball
2-1: Ball
3-1: Foul Ball, location: 2F
3-2: Strikes out looking
Batting: RHB Bob Fitzgerald 0-0: Ball
Throwing error on steal attempt, E2
Bob Campbell scores
1-0: Called Strike
1-1: SINGLE (Flyball, 78S)
Batting: RHB Juan Reyes 0-0: Ball
1-0: Called Strike
1-1: SINGLE (Groundball, 56D)
Bob Fitzgerald to second
Batting: RHB Manny Herrera 0-0: Called Strike
0-1: Ball
1-1: Grounds into double play, 6-4-3 (Groundball, 6)
Bottom of the 1st over - 1 run(s), 2 hit(s), 1 error(s), 1 left on base; El Paso 1 - Nashua 1
TOP OF THE 2ND
El Paso Texans batting - Pitching for Nashua Redlegs : LHP William Romero
Batting: RHB Marvin Johnson 0-0: Ball
1-0: Ball
2-0: Foul Ball, location: 2F
2-1: Ball
3-1: Called Strike
3-2: Base on Balls
Batting: RHB Wayne Carter 0-0: Ball
1-0: Foul Ball, location: 2F
1-1: Swinging Strike
1-2: Strikes out swinging
Batting: LHB Roberto Félix 0-0: Ball
1-0: Ball
2-0: Called Strike
2-1: Called Strike
2-2: Ball
3-2: Strikes out looking
Batting: RHB Ken Fingers 0-0: SINGLE (Flyball, 6MD)
Marvin Johnson to second
Batting: RHB Domingo Morales 0-0: Called Strike
0-1: Ball
1-1: Foul Ball, location: 2F
1-2: Foul Ball, location: 2F
1-2: Ball
2-2: Foul Ball, location: 2F
2-2: Foul Ball, location: 2F
2-2: Reached on error, E3 (Groundball, 34S)
Marvin Johnson to third
Ken Fingers to second
Batting: LHB Guy Moss 0-0: Ball
1-0: Ball
2-0: Fly out, F8 (Flyball, 78D)
Top of the 2nd over - 0 run(s), 1 hit(s), 1 error(s), 3 left on base; El Paso 1 - Nashua 1
BOTTOM OF THE 2ND
Nashua Redlegs batting - Pitching for El Paso Texans : LHP Manuel Santiago
Batting: RHB Juan Hernández 0-0: Ball
1-0: Ground out 5-3 (Groundball, 56)
Batting: SHB José Hernández 0-0: Foul Ball, location: 2F
0-1: Swinging Strike
0-2: Ball
1-2: Ball
2-2: Strikes out swinging, 2-3 out at first.
Batting: RHB John Newman 0-0: SINGLE (Groundball, 25) (infield hit)
Batting: LHB William Romero 0-0: Ball
1-0: Fly out, F2 (Popup, 2R)
Bottom of the 2nd over - 0 run(s), 1 hit(s), 0 error(s), 1 left on base; El Paso 1 - Nashua 1
TOP OF THE 3RD
El Paso Texans batting - Pitching for Nashua Redlegs : LHP William Romero
Batting: RHB Javier Álvarez 0-0: Ball
1-0: Ball
2-0: Foul Ball, location: 2F
2-1: Called Strike
2-2: Foul Ball, location: 2F
2-2: Strikes out swinging
Batting: SHB Oliver Riley 0-0: Called Strike
0-1: Ball
1-1: Ball
2-1: DOUBLE (Line Drive, 8RD)
Batting: LHB Michael Melton 0-0: Ball
1-0: Foul Ball, location: 2F
1-1: Called Strike
1-2: Fly out, F6 (Popup, 56D)
Batting: RHB Marvin Johnson 0-0: Ball
1-0: Ball
2-0: Ball
3-0: Called Strike
3-1: Base on Balls
Batting: RHB Wayne Carter 0-0: Ball
1-0: Ball
2-0: Ball
3-0: Base on Balls
Oliver Riley to third
Marvin Johnson to second
Batting: LHB Roberto Félix 0-0: Ball
1-0: Called Strike
1-1: Ball
2-1: Foul Ball, location: 2F
2-2: Ball
3-2: Foul Ball, location: 2F
3-2: Foul Ball, location: 2F
3-2: Reached on error, E4 (Groundball, 4)
Oliver Riley scores
Marvin Johnson to third
Wayne Carter to second
Batting: RHB Ken Fingers 0-0: SINGLE (Groundball, 34D)
Marvin Johnson scores
Wayne Carter to third
Roberto Félix to second
Runner from 3rd tries for Home, SAFE, no throw
Batting: RHB Domingo Morales 0-0: Swinging Strike
0-1: Fly out, F8 (Line Drive, 8LM)
Top of the 3rd over - 3 run(s), 2 hit(s), 1 error(s), 2 left on base; El Paso 4 - Nashua 1
BOTTOM OF THE 3RD
Nashua Redlegs batting - Pitching for El Paso Texans : LHP Manuel Santiago
Batting: LHB Bob Campbell 0-0: SINGLE (Groundball, 23) (infield hit)
Batting: RHB Katsuhito Ohayashi 0-0: Ball
1-0: Called Strike
1-1: Ball
2-1: Ball
3-1: Foul Ball, location: 2F
3-2: Grounds into double play, 6-4-3 (Groundball, 6)
Batting: RHB Bob Fitzgerald 0-0: Called Strike
0-1: Ball
1-1: SINGLE (Groundball, 6MD)
Batting: RHB Juan Reyes 0-0: Ball
1-0: Ball
2-0: Ball
3-0: Base on Balls
Bob Fitzgerald to second
Batting: RHB Manny Herrera 0-0: Fielders Choice at 2nd, 5-4 (Groundball, 5)
Bottom of the 3rd over - 0 run(s), 2 hit(s), 0 error(s), 1 left on base; El Paso 4 - Nashua 1
TOP OF THE 4TH
El Paso Texans batting - Pitching for Nashua Redlegs : LHP William Romero
Batting: LHB Guy Moss 0-0: Called Strike
0-1: Ball
1-1: Foul Ball, location: 2F
1-2: Foul Ball, location: 2F
1-2: Ground out 3-1 (Groundball, 34)
Pitching: RHP Raúl García
Batting: RHB Javier Álvarez 0-0: SINGLE (Line Drive, 78S)
Batting: SHB Oliver Riley 0-0: Foul Ball, location: 2F
0-1: Foul Ball, location: 2F
0-2: Strikes out swinging
Batting: LHB Michael Melton 0-0: Ball
1-0: Ball
2-0: Ball
3-0: Called Strike
3-1: Swinging Strike
3-2: Fly out, F3 (Popup, 3L)
Top of the 4th over - 0 run(s), 1 hit(s), 0 error(s), 1 left on base; El Paso 4 - Nashua 1
BOTTOM OF THE 4TH
Nashua Redlegs batting - Pitching for El Paso Texans : LHP Manuel Santiago
Batting: RHB Juan Hernández 0-0: Called Strike
0-1: Swinging Strike
0-2: Ground out 5-3 (Groundball, 56)
Batting: SHB José Hernández 0-0: Ball
1-0: Called Strike
1-1: Foul Ball, location: 2F
1-2: Foul Ball, location: 2F
1-2: Fly out, F7 (Flyball, 7)
Batting: RHB John Newman 0-0: Called Strike
0-1: Foul Ball, location: 2F
0-2: Strikes out swinging
Bottom of the 4th over - 0 run(s), 0 hit(s), 0 error(s), 0 left on base; El Paso 4 - Nashua 1
TOP OF THE 5TH
El Paso Texans batting - Pitching for Nashua Redlegs : RHP Raúl García
Batting: RHB Marvin Johnson 0-0: Fly out, F9 (Flyball, 9)
Batting: RHB Wayne Carter 0-0: Ball
1-0: Foul Ball, location: 2F
1-1: Called Strike
1-2: Ball
2-2: Ball
3-2: Foul Ball, location: 2F
3-2: Reached on error, E4 (Groundball, 4)
Batting: LHB Roberto Félix 0-0: Ball
1-0: Ball
2-0: Ball
3-0: Called Strike
3-1: Foul Ball, location: 2F
3-2: Base on Balls
Wayne Carter to second
Batting: RHB Ken Fingers 0-0: Called Strike
0-1: Ball
1-1: Ball
2-1: SINGLE (Groundball, 56D)
Wayne Carter to third
Roberto Félix to second
Runner from 3rd tries for Home, SAFE, no throw
Batting: RHB Domingo Morales 0-0: Called Strike
0-1: Foul Ball, location: 2F
0-2: SINGLE (Groundball, 34D)
Roberto Félix to third
Ken Fingers to second
Runner from 3rd tries for Home, SAFE, throw made home
Ken Fingers to third
Domingo Morales to second
Batting: LHB Guy Moss 0-0: Ball
1-0: Foul Ball, location: 2F
1-1: Swinging Strike
1-2: Fly out, F7 (Flyball, 7)
Runner from 3rd tags up, SCORES, no throw
Batting: RHB Javier Álvarez 0-0: Swinging Strike
0-1: Ball
1-1: Ground out 6-3 (Groundball, 56)
Top of the 5th over - 3 run(s), 2 hit(s), 1 error(s), 1 left on base; El Paso 7 - Nashua 1
BOTTOM OF THE 5TH
Nashua Redlegs batting - Pitching for El Paso Texans : LHP Manuel Santiago
Batting: LHB William Romero 0-0: Ball
1-0: Swinging Strike
1-1: Swinging Strike
1-2: Ball
2-2: Foul Ball, location: 2F
2-2: Strikes out swinging
Batting: LHB Bob Campbell 0-0: Swinging Strike
0-1: Swinging Strike
0-2: Strikes out swinging
Batting: RHB Katsuhito Ohayashi 0-0: Ball
1-0: Called Strike
1-1: Ball
2-1: Fly out, F7 (Line Drive, 7)
Bottom of the 5th over - 0 run(s), 0 hit(s), 0 error(s), 0 left on base; El Paso 7 - Nashua 1
TOP OF THE 6TH
El Paso Texans batting - Pitching for Nashua Redlegs : RHP Raúl García
Batting: SHB Oliver Riley 0-0: Called Strike
0-1: Swinging Strike
0-2: Ball
1-2: SINGLE (Flyball, 78S)
Batting: LHB Michael Melton 0-0: Ball
1-0: SINGLE (Groundball, 6D)
Oliver Riley to second
Batting: RHB Marvin Johnson 0-0: Ball
1-0: DOUBLE (Flyball, 9)
Oliver Riley scores
Michael Melton to third
Pitching: LHP Jorge Melgaza
Batting: RHB Wayne Carter 0-0: Swinging Strike
0-1: Ball
1-1: Called Strike
1-2: Ball
2-2: Ground out 4-3 (Groundball, 4S)
Michael Melton scores
Marvin Johnson to third
Batting: LHB Roberto Félix 0-0: Ball
1-0: Called Strike
1-1: Swinging Strike
1-2: Strikes out looking
Batting: RHB Ken Fingers 0-0: Foul Ball, location: 2F
0-1: Ball
1-1: Ground out 6-3 (Groundball, 6)
Top of the 6th over - 2 run(s), 3 hit(s), 0 error(s), 1 left on base; El Paso 9 - Nashua 1
BOTTOM OF THE 6TH
Nashua Redlegs batting - Pitching for El Paso Texans : LHP Manuel Santiago
Batting: RHB Bob Fitzgerald 0-0: Foul Ball, location: 2F
0-1: Swinging Strike
0-2: Ball
1-2: Strikes out swinging
Batting: RHB Juan Reyes 0-0: Ball
1-0: Ball
2-0: Ball
3-0: Base on Balls
Batting: RHB Manny Herrera 0-0: Fly out, F3 (Popup, 34)
Batting: RHB Juan Hernández 0-0: Foul Ball, location: 2F
0-1: Called Strike
0-2: Ball
1-2: Strikes out swinging
Bottom of the 6th over - 0 run(s), 0 hit(s), 0 error(s), 1 left on base; El Paso 9 - Nashua 1
TOP OF THE 7TH
El Paso Texans batting - Pitching for Nashua Redlegs : LHP Jorge Melgaza
Batting: RHB Domingo Morales 0-0: Ball
1-0: Called Strike
1-1: Foul Ball, location: 2F
1-2: Ball
2-2: Ball
3-2: Base on Balls
Batting: LHB Guy Moss 0-0: SINGLE (Flyball, 9LM)
Domingo Morales to second
Runner from 2nd tries for 3rd, SAFE, throw made to third
Guy Moss to second
Batting: RHB Javier Álvarez 0-0: Ball
1-0: Ball
2-0: Foul Ball, location: 2F
2-1: Ball
3-1: Base on Balls
Batting: SHB Oliver Riley 0-0: Ball
1-0: Ball
2-0: Ball
3-0: Called Strike
3-1: Called Strike
3-2: Base on Balls
Domingo Morales scores
Guy Moss to third
Javier Álvarez to second
Pitching: RHP Edgar Sandoval
Batting: LHB Michael Melton 0-0: Called Strike
0-1: Foul Ball, location: 2F
0-2: Grounds into double play, 5-4-3 (Groundball, 5)
Guy Moss scores
Javier Álvarez to third
Batting: RHB Marvin Johnson 0-0: Foul Ball, location: 2F
0-1: DOUBLE (Line Drive, 89D)
Javier Álvarez scores
Batting: RHB Wayne Carter 0-0: Called Strike
0-1: Ball
Wild Pitch!
Marvin Johnson to third
1-1: Ball
2-1: Foul Ball, location: 2F
2-2: Strikes out swinging
Top of the 7th over - 3 run(s), 2 hit(s), 0 error(s), 1 left on base; El Paso 12 - Nashua 1
BOTTOM OF THE 7TH
Nashua Redlegs batting - Pitching for El Paso Texans : LHP Manuel Santiago
Batting: SHB José Hernández 0-0: Ball
1-0: SINGLE (Line Drive, 56)
Batting: RHB John Newman 0-0: Ball
1-0: Swinging Strike
1-1: Called Strike
1-2: Ball
José Hernández steals 2nd base
2-2: Ball
3-2: Strikes out swinging
Pitching: RHP Mike Marks
Batting: LHB William Romero 0-0: Ball
1-0: Ball
2-0: Called Strike
2-1: Swinging Strike
2-2: Foul Ball, location: 2F
2-2: Ground out 6-3 (Groundball, 6)
Batting: LHB Bob Campbell 0-0: Foul Ball, location: 2F
0-1: Foul Ball, location: 2F
0-2: Ball
1-2: Strikes out swinging
Bottom of the 7th over - 0 run(s), 1 hit(s), 0 error(s), 1 left on base; El Paso 12 - Nashua 1
TOP OF THE 8TH
El Paso Texans batting - Pitching for Nashua Redlegs : RHP Edgar Sandoval
Batting: LHB Roberto Félix 0-0: Foul Ball, location: 2F
0-1: Ball
1-1: Foul Ball, location: 2F
1-2: Ball
2-2: SOLO HOME RUN (Flyball, 89XD), Distance : 410 ft
Batting: RHB Ken Fingers 0-0: Ball
1-0: Ball
2-0: SINGLE (Flyball, 8LS)
Batting: RHB Domingo Morales 0-0: Ball
1-0: Ball
2-0: Called Strike
2-1: Ball
3-1: Fielders Choice at 2nd, 6-4 (Groundball, 56)
Batting: LHB Guy Moss 0-0: DOUBLE (Line Drive, 8RXD)
Domingo Morales to third
Runner from 3rd tries for Home, throw and OUT!
Guy Moss to third
Batting: RHB Javier Álvarez 0-0: Ball
1-0: SINGLE (Line Drive, 78S)
Guy Moss scores
Batting: SHB Oliver Riley 0-0: Fly out, F8 (Flyball, 8LS)
Top of the 8th over - 2 run(s), 4 hit(s), 0 error(s), 1 left on base; El Paso 14 - Nashua 1
BOTTOM OF THE 8TH
Nashua Redlegs batting - Pitching for El Paso Texans : RHP Mike Marks
Batting: RHB Katsuhito Ohayashi 0-0: Ball
1-0: Called Strike
1-1: Foul Ball, location: 2F
1-2: Ball
2-2: Strikes out swinging
Batting: RHB Bob Fitzgerald 0-0: Swinging Strike
0-1: DOUBLE (Flyball, 8LD)
Batting: RHB Juan Reyes 0-0: Ground out 6-3 (Groundball, 6)
Batting: RHB Manny Herrera 0-0: Called Strike
0-1: Ball
1-1: Foul Ball, location: 2F
1-2: Ball
2-2: Ball
3-2: Foul Ball, location: 2F
3-2: Foul Ball, location: 2F
3-2: Strikes out looking
Bottom of the 8th over - 0 run(s), 1 hit(s), 0 error(s), 1 left on base; El Paso 14 - Nashua 1
TOP OF THE 9TH
El Paso Texans batting - Pitching for Nashua Redlegs : RHP Edgar Sandoval
Batting: LHB Michael Melton 0-0: Called Strike
0-1: Called Strike
0-2: Ball
1-2: SINGLE (Line Drive, 56D)
Pitching: RHP Julião Edwards
Batting: RHB Marvin Johnson 0-0: Ball
Wild Pitch!
Michael Melton to second
1-0: Ball
2-0: Foul Ball, location: 2F
2-1: SINGLE (Line Drive, 8LS)
Michael Melton to third
Batting: RHB Wayne Carter 0-0: Ball
1-0: Ball
2-0: Swinging Strike
2-1: Ball
3-1: Base on Balls
Marvin Johnson to second
Batting: LHB Roberto Félix 0-0: Ball
1-0: Foul Ball, location: 2F
1-1: Called Strike
1-2: Ball
2-2: Ball
3-2: Base on Balls
Michael Melton scores
Marvin Johnson to third
Wayne Carter to second
Pitching: RHP Jorge Vázquez
Batting: RHB Ken Fingers 0-0: Ball
1-0: Called Strike
1-1: Swinging Strike
1-2: Strikes out looking
Batting: RHB Domingo Morales 0-0: Called Strike
0-1: Ball
1-1: Ground out 6-3 (Groundball, 6MD)
Marvin Johnson scores
Wayne Carter to third
Roberto Félix to second
Batting: LHB Guy Moss 0-0: Ball
1-0: Ball
2-0: Called Strike
2-1: Foul Ball, location: 2F
2-2: Ball
3-2: Ground out 4-3 (Groundball, 4)
Top of the 9th over - 2 run(s), 2 hit(s), 0 error(s), 2 left on base; El Paso 16 - Nashua 1
BOTTOM OF THE 9TH
Nashua Redlegs batting - Pitching for El Paso Texans : RHP Mike Marks
Batting: RHB Juan Hernández 0-0: Ball
1-0: Called Strike
1-1: Fly out, F9 (Flyball, 9S)
Batting: SHB José Hernández 0-0: Ball
1-0: Called Strike
1-1: Ball
2-1: Foul Ball, location: 2F
2-2: Strikes out swinging
Batting: RHB John Newman 0-0: Ground out 6-3 (Groundball, 6)
Bottom of the 9th over - 0 run(s), 0 hit(s), 0 error(s), 0 left on base; El Paso 16 - Nashua 1
Thursday, March 30th, 2017 - OOTP Baseball 17.12 Build 75